BSA
NEVADA NOISE @ SO CAL BRUINS
06/20/2029
 
TOP OF THE 1ST
Nevada Noise batting - Pitching for So Cal Bruins : RHP Marty Burgess
Pitching: RHP Marty Burgess
Batting: RHB Pedro Rosado 0-0: Ball
1-0: SINGLE (Groundball, 34S) (infield hit)
Batting: SHB Víctor Serrano 0-0: SINGLE (Groundball, 34D)
Pedro Rosado to second
Runner from 2nd tries for 3rd, SAFE, no throw
Batting: LHB Santiago Márquez 0-0: Ball
1-0: Ball
2-0: SINGLE (Groundball, 4MD)
Pedro Rosado scores
Víctor Serrano to second
Batting: RHB Luis Cruz 0-0: Called Strike
0-1: Ball
1-1: Foul Ball, location: 2F
1-2: Fly out, F7 (Flyball, 78M)
Batting: LHB Pablo Reyes 0-0: Ball
1-0: Ball
2-0: Ball
3-0: Base on Balls
Víctor Serrano to third
Santiago Márquez to second
Batting: RHB Rich Ruffin 0-0: Foul Ball, location: 2F
0-1: Fly out, F3 (Popup, 3F)
Batting: LHB Milton Watson 0-0: Called Strike
0-1: Foul Ball, location: 2F
0-2: Ball
1-2: Strikes out swinging
Top of the 1st over - 1 run, 3 hits, 0 errors, 3 left on base; Nevada 1 - So Cal 0
BOTTOM OF THE 1ST
So Cal Bruins batting - Pitching for Nevada Noise : RHP José López
Pitching: RHP José López
Batting: LHB Bob Ware 0-0: Ball
1-0: Ball
2-0: SINGLE (Groundball, 56) (infield hit)
Batting: RHB Lawrence Schroeder 0-0: Swinging Strike
0-1: Foul Ball, location: 2F
0-2: Ball
1-2: Ball
2-2: Ball
3-2: Foul Ball, location: 2F
3-2: Strikes out swinging
Bob Ware is caught stealing 2nd base
Batter strikes out.
Batting: RHB Alfredo Rivera 0-0: Called Strike
0-1: Foul Ball, location: 2F
0-2: Ball
1-2: Ball
2-2: Ground out 4-3 (Groundball, 4M)
Bottom of the 1st over - 0 runs, 1 hit, 0 errors, 0 left on base; Nevada 1 - So Cal 0
TOP OF THE 2ND
Nevada Noise batting - Pitching for So Cal Bruins : RHP Marty Burgess
Batting: RHB Fernando Gálvez 0-0: Ball
1-0: Swinging Strike
1-1: Ball
2-1: Ground out 3-1 (Groundball, 34)
Batting: RHB Jorge Márquez 0-0: Called Strike
0-1: Called Strike
0-2: Ball
1-2: Ground out 4-3 (Groundball, 4)
Batting: RHB Pedro Rosado 0-0: Foul Ball, location: 2F
0-1: Ball
1-1: Ball
2-1: Swinging Strike
2-2: Strikes out looking
Top of the 2nd over - 0 runs, 0 hits, 0 errors, 0 left on base; Nevada 1 - So Cal 0
BOTTOM OF THE 2ND
So Cal Bruins batting - Pitching for Nevada Noise : RHP José López
Batting: RHB Earl Wiggins 0-0: Ball
1-0: SINGLE (Line Drive, 78S)
Batting: RHB Rubén Calderón 0-0: Ball
1-0: Swinging Strike
1-1: Ball
2-1: Grounds into double play, 5-4-3 (Groundball, 5)
Batting: RHB Javier Deleón 0-0: Ground out 5-3 (Groundball, 56)
Bottom of the 2nd over - 0 runs, 1 hit, 0 errors, 0 left on base; Nevada 1 - So Cal 0
TOP OF THE 3RD
Nevada Noise batting - Pitching for So Cal Bruins : RHP Marty Burgess
Batting: SHB Víctor Serrano 0-0: Called Strike
0-1: Foul Ball, location: 2F
0-2: Ball
1-2: Ball
2-2: SINGLE (Groundball, 4D)
Batting: LHB Santiago Márquez 0-0: Ball
1-0: Ball
2-0: Called Strike
2-1: Foul Ball, location: 2F
2-2: Foul Ball, location: 2F
2-2: Strikes out looking
Batting: RHB Luis Cruz 0-0: Ball
1-0: Ball
2-0: Foul Ball, location: 2F
2-1: Foul Ball, location: 2F
2-2: Strikes out looking
Batting: LHB Pablo Reyes 0-0: Ball
1-0: Called Strike
1-1: Foul Ball, location: 2F
1-2: Foul Ball, location: 2F
1-2: DOUBLE (Line Drive, 7LM)
Víctor Serrano to third
Batting: RHB Rich Ruffin 0-0: Ball
1-0: Ball
2-0: Ball
3-0: Base on Balls
Batting: LHB Milton Watson 0-0: Foul Ball, location: 2F
0-1: Ball
1-1: Ball
2-1: Foul Ball, location: 2F
2-2: Ball
3-2: Foul Ball, location: 2F
3-2: Base on Balls
Víctor Serrano scores
Pablo Reyes to third
Rich Ruffin to second
Batting: RHB Fernando Gálvez 0-0: Ball
1-0: Called Strike
1-1: Called Strike
1-2: Ball
2-2: Strikes out swinging
Top of the 3rd over - 1 run, 2 hits, 0 errors, 3 left on base; Nevada 2 - So Cal 0
BOTTOM OF THE 3RD
So Cal Bruins batting - Pitching for Nevada Noise : RHP José López
Batting: LHB Patrick Osborne 0-0: Called Strike
0-1: DOUBLE (Line Drive, 7LD)
Batting: RHB Pedro Mata 0-0: Called Strike
0-1: Ball
1-1: Ground out 5-3 (Groundball, 5L)
Batting: RHB Gerardo Escobedo 0-0: Ball
1-0: Foul Ball, location: 2F
1-1: Ball
2-1: Fly out, F3 (Line Drive, 34)
Batting: LHB Bob Ware 0-0: Ground out 4-3 (Groundball, 4M)
Bottom of the 3rd over - 0 runs, 1 hit, 0 errors, 1 left on base; Nevada 2 - So Cal 0
TOP OF THE 4TH
Nevada Noise batting - Pitching for So Cal Bruins : RHP Marty Burgess
Batting: RHB Jorge Márquez 0-0: Foul Ball, location: 2F
0-1: Ball
1-1: Called Strike
1-2: Foul Ball, location: 2F
1-2: Foul Ball, location: 2F
1-2: Ball
2-2: Strikes out swinging
Batting: RHB Pedro Rosado 0-0: SINGLE (Groundball, 6MD)
Batting: SHB Víctor Serrano 0-0: Foul Ball, location: 2F
0-1: Called Strike
0-2: Ball
1-2: Strikes out swinging
Batting: LHB Santiago Márquez 0-0: Ball
1-0: Called Strike
1-1: Foul Ball, location: 2F
1-2: Ground out U3 (Groundball, 3L)
Top of the 4th over - 0 runs, 1 hit, 0 errors, 1 left on base; Nevada 2 - So Cal 0
BOTTOM OF THE 4TH
So Cal Bruins batting - Pitching for Nevada Noise : RHP José López
Batting: RHB Lawrence Schroeder 0-0: Ball
1-0: Ball
2-0: Called Strike
2-1: Foul Ball, location: 2F
2-2: SINGLE (Line Drive, 8RS)
Batting: RHB Alfredo Rivera 0-0: Called Strike
0-1: Ball
1-1: Ball
2-1: Ball
3-1: Foul Ball, location: 2F
3-2: Foul Ball, location: 2F
3-2: Base on Balls
Lawrence Schroeder to second
Batting: RHB Earl Wiggins 0-0: Called Strike
0-1: Foul Ball, location: 2F
0-2: Fielders Choice at 2nd, 1-4 (Groundball, 15S)
Lawrence Schroeder to third
Batting: RHB Rubén Calderón 0-0: Ball
1-0: Called Strike
1-1: Grounds into double play, 6-4-3 (Groundball, 6)
Bottom of the 4th over - 0 runs, 1 hit, 0 errors, 1 left on base; Nevada 2 - So Cal 0
TOP OF THE 5TH
Nevada Noise batting - Pitching for So Cal Bruins : RHP Marty Burgess
Batting: RHB Luis Cruz 0-0: Ball
1-0: Foul Ball, location: 2F
1-1: Foul Ball, location: 2F
1-2: Ball
2-2: Foul Ball, location: 2F
2-2: Ball
3-2: Foul Ball, location: 2F
3-2: Fly out, F8 (Flyball, 78XD)
Batting: LHB Pablo Reyes 0-0: Called Strike
0-1: Foul Ball, location: 2F
0-2: Ball
1-2: Ball
2-2: Strikes out swinging
Batting: RHB Rich Ruffin 0-0: Ground out 6-3 (Groundball, 56)
Top of the 5th over - 0 runs, 0 hits, 0 errors, 0 left on base; Nevada 2 - So Cal 0
BOTTOM OF THE 5TH
So Cal Bruins batting - Pitching for Nevada Noise : RHP José López
Batting: RHB Javier Deleón 0-0: Ball
1-0: Called Strike
1-1: Ball
2-1: Ball
3-1: DOUBLE (Line Drive, 7LM)
Batting: LHB Patrick Osborne 0-0: Ball
1-0: Foul Ball, location: 2F
1-1: Ball
2-1: Called Strike
2-2: Foul Ball, location: 2F
2-2: Foul Ball, location: 2F
2-2: Ball
3-2: Base on Balls
Batting: RHB Pedro Mata 0-0: Ball
1-0: Grounds into double play, 5-4-3 (Groundball, 56)
Javier Deleón to third
Batting: RHB Gerardo Escobedo 0-0: Ball
1-0: Ball
2-0: Ball
3-0: Foul Ball, location: 2F
3-1: Called Strike
3-2: Foul Ball, location: 2F
3-2: Base on Balls
Batting: LHB Bob Ware 0-0: Swinging Strike
0-1: Foul Ball, location: 2F
0-2: Ball
1-2: Ball
2-2: SINGLE (Line Drive, 6D)
Javier Deleón scores
Gerardo Escobedo to second
Batting: RHB Lawrence Schroeder 0-0: Called Strike
0-1: Ball
1-1: Ball
2-1: Fly out, F7 (Flyball, 7LDF)
Bottom of the 5th over - 1 run, 2 hits, 0 errors, 2 left on base; Nevada 2 - So Cal 1
TOP OF THE 6TH
Nevada Noise batting - Pitching for So Cal Bruins : RHP Marty Burgess
Pitching: RHP Jerry Good
Batting: LHB Milton Watson 0-0: Ball
1-0: Foul Ball, location: 2F
1-1: Swinging Strike
1-2: Foul Ball, location: 2F
1-2: Ground out 6-3 (Groundball, 6)
Batting: RHB Fernando Gálvez 0-0: Fly out, F3 (Popup, 3L)
Batting: RHB Jorge Márquez 0-0: Ball
1-0: Called Strike
1-1: Ball
2-1: Ground out 5-3 (Groundball, 5)
Top of the 6th over - 0 runs, 0 hits, 0 errors, 0 left on base; Nevada 2 - So Cal 1
BOTTOM OF THE 6TH
So Cal Bruins batting - Pitching for Nevada Noise : RHP José López
Batting: RHB Alfredo Rivera 0-0: Fly out, F5 (Line Drive, 56S)
Batting: RHB Earl Wiggins 0-0: Ball
1-0: Ball
2-0: Called Strike
2-1: Foul Ball, location: 2F
2-2: Ball
3-2: Reached on error, E9 (Flyball, 9)
Batting: RHB Rubén Calderón 0-0: SINGLE (Line Drive, 7LM)
Earl Wiggins to second
Batting: RHB Javier Deleón 0-0: Swinging Strike
0-1: Ball
1-1: Ball
2-1: Foul Ball, location: 2F
2-2: Ball
3-2: Ground out 5-3 (Groundball, 5S)
Earl Wiggins to third
Rubén Calderón to second
Batting: LHB Patrick Osborne 0-0: Ball
1-0: DOUBLE (Line Drive, 89D)
Earl Wiggins scores
Rubén Calderón scores
Batting: RHB Pedro Mata 0-0: Ball
1-0: Swinging Strike
1-1: Ball
2-1: SINGLE (Line Drive, 34D)
Patrick Osborne to third
Runner from 3rd tries for Home, SAFE, no throw
Batting: RHB Gerardo Escobedo 0-0: Called Strike
Pedro Mata steals 2nd base
0-1: Ball
1-1: Foul Ball, location: 2F
1-2: Foul Ball, location: 2F
1-2: Ball
2-2: Ball
3-2: Ground out 4-3 (Groundball, 4)
Bottom of the 6th over - 3 runs, 3 hits, 1 error, 1 left on base; Nevada 2 - So Cal 4
TOP OF THE 7TH
Nevada Noise batting - Pitching for So Cal Bruins : RHP Jerry Good
Batting: RHB Pedro Rosado 0-0: Ball
1-0: Called Strike
1-1: Foul Ball, location: 2F
1-2: Ball
2-2: Fly out, F3 (Popup, 3S)
Batting: SHB Víctor Serrano 0-0: Ball
1-0: Foul Ball, location: 2F
1-1: Ball
2-1: SINGLE (Flyball, 7)
Pitching: LHP Juan Fuentes
Batting: LHB Santiago Márquez 0-0: Called Strike
0-1: Swinging Strike
0-2: Ball
1-2: Foul Ball, location: 2F
1-2: Ball
2-2: Foul Ball, location: 2F
2-2: Strikes out looking
Pitching: RHP Terry Adams
Batting: RHB Luis Cruz 0-0: Ball
1-0: Ball
2-0: Called Strike
2-1: Ball
3-1: Ground out 5-3 (Groundball, 56S)
Top of the 7th over - 0 runs, 1 hit, 0 errors, 1 left on base; Nevada 2 - So Cal 4
BOTTOM OF THE 7TH
So Cal Bruins batting - Pitching for Nevada Noise : RHP José López
Pitching: LHP Ignacio Colón
Batting: LHB Bob Ware 0-0: Called Strike
0-1: Foul Ball, location: 2F
0-2: SINGLE (Line Drive, 89S)
Batting: RHB Lawrence Schroeder 0-0: Sac Bunt - play at first, batter OUT! 3-4
Bob Ware to second
Batting: RHB Alfredo Rivera 0-0: Ball
1-0: Ball
2-0: Ball
3-0: Fly out, F9 (Flyball, 9S)
Batting: RHB Earl Wiggins 0-0: Called Strike
0-1: Called Strike
0-2: Fly out, F8 (Flyball, 89D)
Bottom of the 7th over - 0 runs, 1 hit, 0 errors, 1 left on base; Nevada 2 - So Cal 4
TOP OF THE 8TH
Nevada Noise batting - Pitching for So Cal Bruins : RHP Terry Adams
Pitching: LHP Jim Sheppard
Batting: LHB Pablo Reyes 0-0: Ball
1-0: Fly out, F7 (Flyball, 78S)
Pitching: RHP Masahiko Okada
Batting: RHB Rich Ruffin 0-0: Ball
1-0: SINGLE (Groundball, 4D)
Batting: LHB Milton Watson 0-0: Grounds into double play, 5-4-3 (Groundball, 5)
Top of the 8th over - 0 runs, 1 hit, 0 errors, 0 left on base; Nevada 2 - So Cal 4
BOTTOM OF THE 8TH
So Cal Bruins batting - Pitching for Nevada Noise : LHP Ignacio Colón
Batting: RHB Rubén Calderón 0-0: Called Strike
0-1: Ground out 6-3 (Groundball, 6)
Batting: RHB Javier Deleón 0-0: Ball
1-0: Foul Ball, location: 2F
1-1: DOUBLE (Flyball, 8LXD)
Batting: LHB Patrick Osborne 0-0: Called Strike
0-1: Ball
1-1: Ground out 1-3 (Groundball, P)
Javier Deleón to third
Batting: RHB Pedro Mata 0-0: Foul Ball, location: 2F
0-1: Foul Ball, location: 2F
0-2: Ball
1-2: Foul Ball, location: 2F
1-2: Foul Ball, location: 2F
1-2: Ground out 6-3 (Groundball, 6)
Bottom of the 8th over - 0 runs, 1 hit, 0 errors, 1 left on base; Nevada 2 - So Cal 4
TOP OF THE 9TH
Nevada Noise batting - Pitching for So Cal Bruins : RHP Masahiko Okada
Pitching: RHP César Menéndez
Batting: RHB Fernando Gálvez 0-0: Called Strike
0-1: Called Strike
0-2: SOLO HOME RUN (Flyball, 9LD), Distance : 353 ft
Pinch Hitting: LHB Bob Smith 0-0: Called Strike
0-1: Foul Ball, location: 2F
0-2: Ball
1-2: Strikes out swinging
Batting: RHB Pedro Rosado 0-0: Called Strike
0-1: Ground out 5-3 (Groundball, 56S)
Batting: SHB Víctor Serrano 0-0: Ground out 6-3 (Groundball, 6D)
Top of the 9th over - 1 run, 1 hit, 0 errors, 0 left on base; Nevada 3 - So Cal 4
Saturday, December 16th, 2017 - OOTP Baseball 18.8 Build 76